 Dungeon Crawl Stone Soup version 0.31-a0-188-g5e087ee2ca (webtiles) character file.

Game seed: 5741149936678974632

97 qw the Shooter (level 4, -1/24 (25) HPs)
             Began as a Deep Elf Hunter on June 23, 2023.
             Slain by a hell rat (16 damage)
             ... in a sewer.
             The game lasted 00:00:45 (1945 turns).

qw the Shooter (Deep Elf Hunter)                    Turns: 1945, Time: 00:00:45

HP:   -1/24 (25)    AC:  5    Str: 10    XL:     4   Next: 42%
MP:   6/6           EV: 11    Int: 14    God:
Gold: 112           SH:  0    Dex: 18    Spells: 3/3 levels left

rFire   . . .        Y - +0 shortbow
rCold   . . .        (shield currently unavailable)
rNeg    . . .        a - +0 ring mail
rPois   .            (no helmet)
rElec   .            (no cloak)
rCorr   .            (no gloves)
SInv    .            (no boots)
Will    .....        (no amulet)
Stlth   +            (no ring)
HPRegen 0.24/turn    (no ring)
MPRegen 0.10/turn

%: no passive effects
@: lightly drained
A: no striking features
a: no special abilities


You were in a sewer.
You visited 1 branch of the dungeon, and saw 3 of its levels.
You also visited: Sewer.

You collected 112 gold pieces.


   Skills:
 - Level 1.5 Fighting
 + Level 7.8 Ranged Weapons
 - Level 2.4 Dodging
 - Level 1.2 Stealth


You had 3 spell levels left.
You didn't know any spells.
Your spell library was empty.

Inventory:

Hand Weapons
 Y - a +0 shortbow (weapon)
Armour
 a - a +0 ring mail (worn)
Jewellery
 g - a ring of fire
Scrolls
 f - a scroll of identify
Potions
 b - a potion of might
 k - a potion of heal wounds {unknown}
 n - a potion of haste

Dungeon Overview and Level Annotations

Branches:
Dungeon (3/15)              Sewer (1/1)

Altars:
Ashenzari

Shops:
D:2 [

Annotations:
D:1 2 transporters


Message History

You shoot an arrow. The arrow barely misses the rat.
You shoot an arrow. The arrow closely misses the rat.
You shoot an arrow. The arrow closely misses the rat.
You shoot an arrow. The arrow hits the rat.
The rat is heavily wounded.
You shoot an arrow. The arrow hits the rat.
You kill the rat!
A rat comes into view.
You shoot an arrow. The arrow hits the rat.
You kill the rat!
You enter the shallow water.
Moving in this stuff is going to be slow.
You open the door.
A hell rat comes into view.
Found four items.
Found a gate leading back out of this place.
You shoot an arrow. The arrow hits the hell rat.
The hell rat roars deafeningly!
The hell rat is lightly wounded.
A rat comes into view.
You shoot an arrow.
The arrow hits the hell rat but does no damage.
The hell rat is lightly wounded.
The hell rat twitches its whiskers.
You shoot an arrow. The arrow closely misses the rat.
You shoot an arrow. The arrow closely misses the hell rat.
The hell rat bites you!
You feel drained. The hell rat completely misses you.
You shoot an arrow. The arrow hits the hell rat.
The hell rat is lightly wounded.
The hell rat barely misses you.
You shoot an arrow. The arrow closely misses the hell rat.
The hell rat barely misses you.
You shoot an arrow. The arrow hits the hell rat.
The hell rat is heavily wounded.
The hell rat barely misses you. x2
You shoot an arrow. The arrow hits the hell rat.
The hell rat is severely wounded.
The hell rat bites you!
Ouch! That really hurt!
You die...

#########
###~~.~.~~###
#~~~~r.@...~###
..~.##r##~.~~.#
. #~~ ###~~~##
~~~~ ##...# ~
~~~~~ #~.~#
~~##~!?? ##..~#
..~###!\
###%..##
~~~.~#####.~~~.#
#~.~~~\..~.~###


You could see a hell rat and a rat.

Vanquished Creatures
  A gnoll (D:1)
  An adder (D:2)
  2 river rats
  3 dart slugs
  7 endoplasms
  5 giant cockroaches
  3 hobgoblins
  2 jackals (D:1)
  4 quokkas
  5 ball pythons
  3 bats
  2 frilled lizards
  6 goblins
  A kobold (D:1)
  6 rats
51 creatures vanquished.

Notes
Turn   | Place    | Note
-------+----------+-------------------------------------------
     0 | D:1      | qw the Deep Elf Hunter began the quest for the Orb.
     0 | D:1      | Reached XP level 1. HP: 12/12 MP: 3/3
     0 | D:1      | 0 ||| qw: Version: 0.3-a-9-g12657ce
     0 | D:1      | 0 ||| qw: Game counter: 3290
     0 | D:1      | 0 ||| qw: Always use a shield: true
     0 | D:1      | 0 ||| qw: God list: Okawaru
     0 | D:1      | 0 ||| qw: Allow faded altars: false
     0 | D:1      | 0 ||| qw: Do Orc after D:15 true
     0 | D:1      | 0 ||| qw: Do second Lair branch before Depths: true
     0 | D:1      | 0 ||| qw: Lair rune preference: random
     0 | D:1      | 0 ||| qw: Plans: Normal
     0 | D:1      | 0 ||| PLANNING D:1-11
    56 | D:1      | Reached XP level 2. HP: 7/16 MP: 4/4
   154 | D:1      | 154 ||| FLEEEEING.
   155 | D:1      | 155 ||| FLEEEEING.
   171 | D:1      | 171 ||| FLEEEEING.
   181 | D:1      | Reached skill level 6 in Ranged Weapons
   446 | D:1      | Reached XP level 3. HP: 15/20 MP: 5/5
   886 | D:1      | Found a faded altar of an unknown god.
   887 | D:1      | 887 ||| READING scroll labelled VYF VOULUCER.
   888 | D:1      | 888 ||| DRINKING 2 metallic black potions.
   889 | D:1      | 889 ||| DROPPING scroll of butterflies.
   890 | D:1      | 890 ||| DROPPING potion of magic.
  1062 | D:2      | Reached skill level 7 in Ranged Weapons
  1072 | D:2      | Found Qeregerch's Antique Armour Shoppe.
  1081 | D:2      | 1081 ||| SHOPLISTING pair of boots (103 gold, have 68).
  1326 | D:2      | Reached XP level 4. HP: 23/25 MP: 6/6
  1625 | D:2      | 1625 ||| UPGRADING to +0 ring mail.
  1635 | D:2      | 1635 ||| DROPPING +0 leather armour.
  1636 | D:2      | 1636 ||| READING scroll labelled HESUAG KUOVVONN.
  1641 | D:2      | 1641 ||| READING scroll labelled DACYSI HUICOCW.
  1642 | D:2      | 1642 ||| READING scroll labelled WAARGH WUMOEKEA.
  1643 | D:2      | 1643 ||| READING scroll labelled PIJAEV POIXT.
  1644 | D:2      | 1644 ||| READING scroll labelled YMATEU OFECRENEA.
  1645 | D:2      | 1645 ||| DRINKING 3 fuming clear potions.
  1646 | D:2      | 1646 ||| DRINKING 2 fizzy amethyst potions.
  1651 | D:2      | 1651 ||| STAIRDANCE
  1753 | D:1      | 1753 ||| DRINKING 2 bubbling inky potions.
  1754 | D:1      | 1754 ||| READING 3 scrolls of identify.
  1754 | D:1      | 1754 ||| IDENTIFYING pink potion
  1755 | D:1      | 1755 ||| READING 2 scrolls of identify.
  1755 | D:1      | 1755 ||| IDENTIFYING green potion
  1756 | D:1      | 1756 ||| DROPPING 2 potions of attraction.
  1757 | D:1      | 1757 ||| DROPPING potion of degeneration.
  1758 | D:1      | 1758 ||| DROPPING potion of berserk rage.
  1775 | D:3      | 1775 ||| PLANNING SEWER
  1807 | D:3      | Found a broken altar of Ashenzari.
  1851 | D:3      | Found a glowing drain.
  1854 | D:3      | 1854 ||| READING scroll labelled DUREFUN GYUQOO.
  1866 | D:3      | 1866 ||| Stepping ~*~*~tactically~*~*~ (water).
  1872 | Sewer    | Entered a sewer
  1945 | Sewer    | Slain by a hell rat

Levels and vault maps discovered:
D:1:      spicycebolla_arrival_transporter_tutorial, layout_basic,
          shapermc_ecumenical_altar_mp_urbaneastern, minivault_14
D:2:      layout_loops_ring, serial_shops, nicolae_shop_window_shopping
D:3:      layout_loops_ring, nicolae_ashenzari_skybound, gammafunk_ghost_smash,
          portal_sewer_entry_a, grunt_decor_cap
Sewer:    sewer_hellmonk_bad_rat

Skill      XL: |  1  2  3 |
---------------+----------+-----
Ranged Weapons | 6 7 |  7.8
Fighting       | |  1.5
Dodging        | |  2.4
Stealth        | |  1.2

Action                     |  1- 3 |  4- 6 || total
---------------------------+-------+-------++-------
   Fire: Shortbow          |   102 |    42 ||   144
    Use: Scroll            |     1 |     8 ||     9
         Potion            |     1 |     3 ||     4
 Armour: Leather armour    |    10 |       ||    10
         Ring mail         |       |     1 ||     1
  Dodge: Dodged            |    22 |     6 ||    28

Table legend:
 A = Non-vault XP
 B = Vault XP
 C = Vault XP percentage of total XP
 D = Non-vault monster count
 E = Vault monster count
 F = Vault count percentage of total count
                 A         B        C        D         E       F
            +---------+---------+-------+---------+---------+-------
      Total |     104 |      35 |  25.2 |      42 |       9 |  17.6
            +---------+---------+-------+---------+---------+-------
        D:1 |      54 |       0 |   0.0 |      22 |       0 |   0.0
        D:2 |      43 |       0 |   0.0 |      16 |       0 |   0.0
        D:3 |       7 |      19 |  73.1 |       4 |       5 |  55.6
      Sewer |       0 |      16 | 100.0 |       0 |       4 | 100.0
            +---------+---------+-------+---------+---------+-------
